 Dungeon Crawl Stone Soup version 0.30.0-29-ga12c61a403 (webtiles) character file.

Game seed: 15586039511708388236

100 qw the Chopper (level 4, 0/28 HPs)
             Began as a Gargoyle Fighter on June 3, 2023.
             Slain by Sigmund
             ... wielding a +4 scythe of protection
              (4 damage)
             ... on level 2 of the Dungeon.
             The game lasted 00:00:47 (1629 turns).

qw the Chopper (Gargoyle Fighter)                   Turns: 1629, Time: 00:00:47

Health: 0/28       AC: 11    Str: 22    XL:     4   Next: 73%
Magic:  4/4        EV:  9    Int:  8    God:
Gold:   101        SH:  4    Dex:  9    Spells: 3/3 levels left

rFire   . . .        Y - +0 war axe
rCold   . . .        c - +0 buckler
rNeg    + . .        b - +0 scale mail
rPois   inf          (no helmet)
rElec   +            f - +0 cloak
rCorr   .            (no gloves)
SInv    .            (no boots)
Will    .....        (no amulet) Stlth
                     (no ring)
HPRegen 0.24/turn    (no ring)
MPRegen 0.09/turn

%: no passive effects
@: no status effects
A: sickness immunity, AC +3, negative energy resistance 1, electricity
resistance, torment resistance 1, petrification resistance
a: no special abilities


You were on level 2 of the Dungeon.
You visited 1 branch of the dungeon, and saw 2 of its levels.

You collected 101 gold pieces.


Innate Abilities, Weirdness & Mutations

You are immune to sickness and miasma.
Your stone body is resilient. (AC +3)
You are immune to poison.
You resist negative energy. (rN+)
You are resistant to electric shocks. (rElec)
You are resistant to unholy torment.
You are immune to petrification.


   Skills:
 - Level 3.2 Fighting
 + Level 4.3 Axes
 - Level 3.2 Armour
 - Level 3.2 Shields


You had 3 spell levels left.
You didn't know any spells.
Your spell library was empty.

Inventory:

Hand Weapons
 g - a +0 whip
 Y - a +0 war axe (weapon)
Armour
 b - a +0 scale mail (worn)
 c - a +0 buckler (worn)
 f - a +0 cloak (worn)
Scrolls
 e - a scroll of immolation {unknown}
 h - a scroll of identify
 l - a scroll of vulnerability {unknown}
Potions
 a - 2 potions of haste {unknown}
 d - a potion of might
 i - 3 potions of attraction {unknown}
 j - a potion of mutation {unknown}
 k - a potion of curing {unknown}

Dungeon Overview and Level Annotations

Branches:
Dungeon (2/15)

Altars:

Annotations:
D:2 Sigmund


Message History

A hobgoblin comes into view.
You closely miss Sigmund. Sigmund barely misses you.
You barely miss Sigmund.
Sigmund hits you with a +4 scythe of protection.
You hit Sigmund.
Sigmund is lightly wounded.
You closely miss the hobgoblin. The hobgoblin barely misses you.
Sigmund hits you with a +4 scythe of protection.
The hobgoblin barely misses you.
You hit Sigmund.
Sigmund is lightly wounded.
You hit the hobgoblin. You block the hobgoblin's attack.
Sigmund hits you with a +4 scythe of protection!
You barely miss the hobgoblin.
The hobgoblin is severely wounded.
You hit Sigmund.
The hobgoblin hits you but does no damage.
You block Sigmund's attack.
You hit the hobgoblin.
You kill the hobgoblin!
You slash Sigmund! You barely miss Sigmund.
Sigmund is heavily wounded.
You block Sigmund's attack.
You barely miss Sigmund.
Sigmund is heavily wounded.
Sigmund hits you with a +4 scythe of protection.
You closely miss Sigmund.
Sigmund is heavily wounded.
Sigmund mumbles some strange words.
Sigmund flickers and vanishes!
Deactivating autopickup; reactivate with Ctrl-A.
Something hits you.
You barely miss something. You hit something. Something hits you.
You die...

.. .# .#####
....
.######..##
.......{..##
##@#..###
#!...>..#
#####.#####
#........#
#........# 7
#........# .7
#........# 77.7
#........# ..7
#######.#######


There were no monsters in sight!

Vanquished Creatures
  An orc priest (D:2)
  2 adders (D:2)
  A worm (D:2)
  A dart slug (D:1)
  3 orcs (D:2)
  3 ball pythons
  2 bats
  3 endoplasms (D:1)
  2 giant cockroaches
  2 goblins (D:2)
  5 hobgoblins
  4 jackals (D:1)
  4 kobolds
  2 quokkas (D:2)
  4 frilled lizards
  6 rats (D:1)
45 creatures vanquished.

Notes
Turn   | Place    | Note
-------+----------+-------------------------------------------
     0 | D:1      | qw the Gargoyle Fighter began the quest for the Orb.
     0 | D:1      | Reached XP level 1. HP: 14/14 MP: 1/1
     0 | D:1      | 0 ||| qw: Version: 0.2-a-103-g3a7daa1
     0 | D:1      | 0 ||| qw: Game counter: 951
     0 | D:1      | 0 ||| qw: Always use a shield: true
     0 | D:1      | 0 ||| qw: God list: Okawaru
     0 | D:1      | 0 ||| qw: Allow faded altars: false
     0 | D:1      | 0 ||| qw: Do Orc after D:15 true
     0 | D:1      | 0 ||| qw: Do second Lair branch before Depths: true
     0 | D:1      | 0 ||| qw: Lair rune preference: random
     0 | D:1      | 0 ||| qw: Plans: Normal, Zot:1-4, Slime:5, God:TSO, Crypt,
                  | Tomb, Pan, Hells, Abyss, Win
     0 | D:1      | 0 ||| PLANNING D:1-11
    23 | D:1      | Reached skill level 2 in Axes
    33 | D:1      | 33 ||| FLEEEEING.
    34 | D:1      | 34 ||| FLEEEEING.
    35 | D:1      | 35 ||| FLEEEEING.
    36 | D:1      | 36 ||| FLEEEEING.
    37 | D:1      | 37 ||| FLEEEEING.
    49 | D:1      | 49 ||| Stepping ~*~*~tactically~*~*~ (hiding).
    50 | D:1      | 50 ||| Stepping ~*~*~tactically~*~*~ (hiding).
    51 | D:1      | 51 ||| Stepping ~*~*~tactically~*~*~ (hiding).
    54 | D:1      | 54 ||| Stepping ~*~*~tactically~*~*~ (hiding).
   199 | D:1      | Reached XP level 2. HP: 19/19 MP: 2/2
   280 | D:1      | 280 ||| Stepping ~*~*~tactically~*~*~ (stealth).
   368 | D:1      | Reached skill level 3 in Axes
   406 | D:1      | Reached XP level 3. HP: 12/23 MP: 3/3
  1061 | D:1      | 1061 ||| UPGRADING to +0 cloak.
  1066 | D:1      | 1066 ||| READING 2 scrolls labelled KORPHO DEYQI.
  1067 | D:1      | 1067 ||| READING 2 scrolls labelled NOWIOPR JIOWO.
  1068 | D:1      | 1068 ||| DROPPING scroll of fog.
  1243 | D:2      | Reached skill level 4 in Axes
  1243 | D:2      | Reached XP level 4. HP: 24/28 MP: 4/4
  1276 | D:2      | 1276 ||| Stepping ~*~*~tactically~*~*~ (stealth).
  1617 | D:2      | Noticed Sigmund
  1627 | D:2      | HP: 3/28 [something (5)]
  1629 | D:2      | Slain by Sigmund

Levels and vault maps discovered:
D:1:      dpeg_arrival_radiant, layout_basic, kennysheep_minor_cross,
          kennysheep_crisscross, minmay_misc_feat_rugged, moated_statue
D:2:      kb_forest_paths, layout_basic, minmay_bisected, uniq_sigmund

Skill      XL: |  1  2  3 |
---------------+----------+-----
Axes           | 2 3 4 |  4.3
Fighting       | |  3.2
Armour         | |  3.2
Shields        | |  3.2

Action                     |  1- 3 |  4- 6 || total
---------------------------+-------+-------++-------
  Melee: War axe           |    88 |    32 ||   120
    Use: Scroll            |     2 |       ||     2
 Armour: Scale mail        |    59 |     5 ||    64
  Dodge: Dodged            |    35 |    12 ||    47
  Block: Buckler           |    21 |     6 ||    27

Table legend:
 A = Non-vault XP
 B = Vault XP
 C = Vault XP percentage of total XP
 D = Non-vault monster count
 E = Vault monster count
 F = Vault count percentage of total count
                 A         B        C        D         E       F
            +---------+---------+-------+---------+---------+-------
      Total |     122 |      21 |  14.7 |      40 |       5 |  11.1
            +---------+---------+-------+---------+---------+-------
        D:1 |      46 |       0 |   0.0 |      27 |       0 |   0.0
        D:2 |      76 |      21 |  21.6 |      13 |       5 |  27.8
            +---------+---------+-------+---------+---------+-------
